Map: Shrines of Lizul

Players

Subwaymaker - Winner!

  • Race: Protoss Protoss
  • League: Silver
  • Spawn Location: 3:00

Mesrob - Winner!

  • Race: Terran Terran
  • Spawn Location: 12:00

MALAISUNG

  • Race: Terran Terran
  • League: Bronze
  • Spawn Location: 9:00

exez

  • Race: Terran Terran
  • Spawn Location: 6:00

VOD

Have the link to the VOD?

Description

Time

  • Played on: Jan. 7, 2019, 2:32 p.m.
  • Length: 7:36
Show
View Real Time Build Order
Export as new Build Order

Subwaymaker Protoss - Winner!

Build Orders:  

Get SALT Encoding   

  12  0:05  Probe  
  12  0:13  Probe  
  14  0:23  Probe  
  14  0:28  Pylon  
  15  0:33  Assimilator  
  15  0:46  Probe  
  16  0:53  Gateway  
  16  0:58  Probe  
  17  1:06  Probe  
  18  1:14  Probe  
  19  1:24  Probe  
  20  1:39  Assimilator  
  20  1:45  Cybernetics Core  
  20  1:47  Pylon  
  20  1:49  Probe  
  21  2:01  Probe  
  22  2:13  Probe  
  23  2:23  Zealot  
  23  2:25  Probe  
  23  2:28  Stargate  
  26  2:37  Probe  
  27  2:49  Probe  
  28  3:06  Nexus  
  28  3:09  Pylon  
  28  3:11  Pylon  
  28  3:19  Stargate  
  28  3:26  Void Ray  
  32  3:28  Probe  
  33  3:36  Probe  
  34  3:46  Probe  
  34  3:54  Assimilator  
  35  3:57  Assimilator  
  35  3:58  Probe  
  35  4:02  Forge  
  36  4:05  Void Ray  
  40  4:16  Void Ray  
  44  4:18  Probe  
  45  4:26  Probe  
  45  4:29  Protoss Air Weapons Level 1, Probe  
  46  4:36  Probe  
  46  4:38  Probe  
  49  4:47  Probe  
  49  4:48  Probe  
  51  4:56  Void Ray  
  51  4:59  Probe  
  56  5:00  Probe  
  57  5:09  Photon Cannon  
  57  5:11  Probe  
  57  5:12  Pylon, Probe  
  59  5:24  Probe  
  60  5:29  Void Ray  
  60  5:33  Pylon  
  64  5:36  Probe  
  64  5:42  Pylon  
  65  5:43  Pylon  
  65  5:44  Pylon  
  65  5:46  Stargate  
  65  5:52  Void Ray  
  67  6:32  Oracle  
  70  6:33  Oracle  
Show
View Real Time Build Order
Export as new Build Order

Mesrob Terran - Winner!

Build Orders:  

Get SALT Encoding   

  12  0:00  SCV  
  13  0:14  SCV  
  13  0:19  Supply Depot  
  14  0:32  SCV  
  15  0:37  Refinery  
  15  0:42  Barracks  
  15  0:45  SCV  
  16  1:36  Refinery  
  16  1:37  Orbital Command  
  16  1:42  Factory  
  16  1:58  Barracks Tech Lab  
  16  2:01  Supply Depot  
  16  2:14  Supply Depot  
  16  2:26  Supply Depot  
  16  2:38  Barracks Reactor  
  16  2:39  Barracks  
  16  2:42  Siege Tank  
  19  3:07  Command Center  
  19  3:14  Marine x2  
  21  3:22  Siege Tank  
  24  3:31  SCV  
  25  3:36  Marine  
  25  3:40  Barracks Tech Lab  
  26  3:58  Siege Tank  
  29  4:04  Marine  
  30  4:12  SCV  
  31  4:34  Starport  
  31  4:46  Orbital Command  
  31  4:47  SCV  
  32  4:56  Refinery  
  32  4:57  Marauder  
  32  4:59  SCV  
  35  5:14  Starport Reactor  
  35  5:15  Marine x2  
  35  5:18  Marauder, Siege Tank  
  42  5:28  SCV  
  43  5:32  Marine  
  44  5:39  Supply Depot  
  44  5:40  SCV  
  45  5:52  SCV  
  46  6:04  SCV  
  45  6:33  Marine  
  45  6:34  Marine x2  
  48  6:51  Marine x3  
  51  7:09  Marine x3  
Show
View Real Time Build Order
Export as new Build Order

MALAISUNG Terran 

Build Orders:  

Get SALT Encoding   

  12  0:10  Refinery  
  12  0:12  SCV  
  13  0:24  SCV  
  13  0:26  Refinery  
  14  0:40  Engineering Bay  
  14  0:41  SCV  
  15  1:21  Supply Depot  
  15  1:43  SCV  
  15  1:46  Supply Depot  
  16  1:50  Supply Depot  
  16  1:54  Supply Depot  
  16  1:55  SCV  
  17  2:01  Barracks  
  17  2:07  SCV  
  18  2:09  Barracks  
  18  2:19  SCV  
  18  2:21  Supply Depot  
  19  2:27  Terran Infantry Weapons Level 1  
  19  2:51  Barracks Reactor  
  19  2:54  Orbital Command  
  19  2:59  Barracks Tech Lab  
  19  3:10  Ghost Academy  
  19  3:24  Factory  
  19  3:29  SCV  
  20  3:34  Combat Shield  
  20  3:39  Marine x2  
  22  3:52  Bunker  
  22  3:55  SCV  
  23  3:56  Marine  
  23  3:57  Marine  
  25  4:08  Marine  
  26  4:11  Factory Tech Lab  
  26  4:14  Marine x2  
  28  4:19  Starport  
  28  4:25  Marine  
  29  4:32  Missile Turret  
  29  4:38  SCV  
  29  4:42  Missile Turret  
  30  4:46  Neosteel Armor  
  30  4:54  SCV  
  31  5:06  SCV  
  32  5:08  Starport Tech Lab  
  32  5:15  Missile Turret  
  32  5:25  Marine x2  
  32  5:26  Marine  
  35  5:35  Bunker  
  35  5:36  Starport  
  35  5:43  Marine  
  35  5:46  Siege Tank  
  39  5:56  Banshee  
  39  6:16  Starport Tech Lab  
Show
View Real Time Build Order
Export as new Build Order

exez Terran 

Build Orders:  

Get SALT Encoding   

  12  1:32  SCV  
  13  1:37  Refinery  
  13  1:40  Command Center  
  13  1:41  Refinery  
  13  1:44  SCV  
  14  1:49  Supply Depot  
  14  1:56  SCV  
  14  1:57  Engineering Bay  
  15  2:11  SCV  
  16  2:16  Barracks  
  16  2:23  SCV  
  17  2:35  SCV  
  17  2:36  Barracks  
  18  2:40  Terran Infantry Weapons Level 1  
  18  2:47  SCV  
  19  2:59  SCV  
  19  3:01  Refinery  
  19  3:03  SCV  
  21  3:11  SCV  
  22  3:18  Factory  
  22  3:23  SCV  
  23  3:33  Orbital Command  
  23  3:35  SCV  
  24  3:55  Refinery, Orbital Command  
  24  4:03  Barracks Tech Lab  
  24  4:05  Barracks Reactor  
  24  4:20  Starport  
  24  4:25  SCV  
  25  4:37  SCV  
  26  4:50  SCV  
  27  5:02  SCV  
  28  5:08  Starport, SCV  
  29  5:16  Fusion Core  
  29  5:22  SCV  
  29  5:24  Armory  
  29  5:26  Combat Shield  
  29  5:28  Marine x2  
  32  5:33  Starport Tech Lab  
  32  5:46  Marine x2  
  34  5:52  SCV  
  34  5:56  Factory Tech Lab  
  35  6:03  Marine x2  
  37  6:04  SCV  
  37  6:11  Starport  
  38  6:28  Supply Depot  
  38  6:30  Supply Depot  
  38  6:33  Supply Depot  
  38  6:39  Starport Tech Lab  
  38  6:50  Marine x2  
  38  6:52  Marine, SCV  
  48  6:58  Starport Tech Lab  
  48  7:07  Marine x2  
  50  7:10  Marine  
  50  7:12  Missile Turret  
  51  7:15  Missile Turret  
Tags
 
Add a new tag
Caveats
  • Supply blocks, unpowered buildings, or Contaminate may cause inaccurate times.
  • Supply counts are checked every 10 seconds.